 Dungeon Crawl Stone Soup version 0.27.1-16-g815e20cd7a (webtiles) character file.

Game seed: 14262491941884198309

78 Descartes the Covert (level 4, -7/23 HPs)
             Began as a Spriggan Delver on Nov 22, 2021.
             Mangled by an iguana (13 damage)
             ... on level 4 of the Dungeon.
             The game lasted 00:02:23 (584 turns).

Descartes the Covert (Spriggan Delver)               Turns: 584, Time: 00:02:24

Health: -7/23      AC:  2    Str:  9    XL:     4   Next: 15%
Magic:  5/5        EV: 18    Int: 11    God:
Gold:   0          SH:  0    Dex: 16    Spells: 3/3 levels left

rFire    . . .     SeeInvis +   h - +0 rapier
rCold    . . .     Faith    .   (shield restricted)
rNeg     . . .     Spirit   .   b - +0 robe
rPois    .         Reflect  .   (helmet restricted)
rElec    .         Harm     .   (no cloak)
rCorr    .         Rampage  .   (gloves unavailable)
Will     .....                  (boots unavailable)
Stlth    ++++......             (no amulet)
HPRegen  0.07/turn              (no ring)
MPRegen  0.09/turn              (no ring)

@: very quick
A: very small, no large weapons, unfitting armour, see invisible, speed 3
a: no special abilities


You were on level 4 of the Dungeon.
You visited 1 branch of the dungeon, and saw 3 of its levels.

Inventory:

Hand Weapons
 a - a +0 short sword
 h - a +0 rapier (weapon)
Armour
 b - a +0 robe (worn)
Wands
 g - a wand of digging (3)
 j - a wand of polymorph (11)
 k - a wand of mindburst (16)
Scrolls
 c - a scroll of fog
 d - a scroll of magic mapping
 e - a scroll of fear
Potions
 f - 2 potions of haste
 i - a potion of magic {unknown}


   Skills:
 - Level 2.4 Fighting
 + Level 3.1 Short Blades
 + Level 3.7 Dodging
 * Level 8.5 Stealth


You had 3 spell levels left.
You didn't know any spells.
Your spell library was empty.

Dungeon Overview and Level Annotations

Branches:
Dungeon (5/15)
 Temple: D:4-7

Altars:
Makhleb
Yredelemnul


Innate Abilities, Weirdness & Mutations

You are very small and have problems with some larger weapons.
You are too small for most types of armour.
You have supernaturally acute eyesight. (SInv)
You cover ground extremely quickly. (Speed+++)


Message History

An ogre comes into view. It is wielding a +0 giant club.
Found 20 stones.
You hit the ogre.
The ogre is lightly wounded.
The ogre barely misses you.
You hit the ogre.
The ogre is moderately wounded.
The ogre barely misses you.
You hit the ogre.
The ogre is moderately wounded.
The ogre hits you with a +0 giant club!
Ouch! That really hurt!
You are too injured to fight recklessly!
An ogre is nearby!
Found a potion of haste.
f - 2 potions of haste (gained 1)
An ogre is nearby!
The orc shouts!
An orc priest is nearby!
There is a stone staircase leading up here.
You climb upwards.
There is a stone staircase leading down here.
You hit the iguana.
The iguana is moderately wounded.
The iguana bites you.
* * * LOW HITPOINT WARNING * * *
You hit the iguana.
The iguana is moderately wounded.
The iguana completely misses you.
You hit the iguana.
The iguana is heavily wounded.
The iguana barely misses you.
You hit the iguana but do no damage.
The iguana is heavily wounded.
The iguana barely misses you.
You hit the iguana.
The iguana is severely wounded.
The iguana bites you!
Ouch! That really hurt!
You die...

.## .# . ... .#
..##)# .#
......#### ##.#
.#.......####..#
...P.P.#.....<.#
...._..........#
...P.P..##.....###
........@l>.......
.....######.#....[.
..## .......... .
.....#...#.
......#...# ...# ..
.... ##..#


You could see an iguana.

Vanquished Creatures
  A howler monkey (D:5)
  3 gnolls (D:5)
  2 orcs (D:5)
  A ball python (D:3)
  A bat (D:3)
  An endoplasm (D:3)
  A kobold (D:3)
10 creatures vanquished.

Notes
Turn   | Place    | Note
-------+----------+-------------------------------------------
     0 | D:5      | Descartes the Spriggan Delver began the quest for the Orb.
     0 | D:5      | Reached XP level 1. HP: 11/11 MP: 2/2
    19 | D:5      | Reached XP level 2. HP: 16/16 MP: 3/3
    24 | D:5      | Reached skill level 8 in Stealth
    24 | D:5      | Reached XP level 3. HP: 19/19 MP: 4/4
   105 | D:5      | Reached XP level 4. HP: 15/23 MP: 5/5
   141 | D:4      | Found a basalt altar of Yredelemnul.
   479 | D:3      | Found a burning altar of Makhleb.
   479 | D:3      | Noticed a green death
   482 | D:3      | Noticed a hellwing
   482 | D:3      | Noticed an orange demon
   511 | D:3      | You fall into a shaft and drop 2 floors!
   511 | D:5      | Noticed an ogre
   584 | D:4      | Mangled by an iguana

Illustrated notes

Levels and vault maps discovered:
D:3:      layout_basic, nicolae_overflow_hidden_temple,
          makhleb_altar_promises_db, kennysheep_generic_room_16
D:4:      layout_rooms, ashenzari_altar_1, yredelemnul_altar_generic,
          minmay_temple_entry_nine_rooms, minmay_misc_feat_chi,
          hangedman_decor_riveting, kennysheep_generic_room_9, uniq_robin
D:5:      layout_basic, serial_curves, eino_curves_04, eino_curves_03,
          eino_curves_02, eino_curves_02

Skill      XL: |  1  2  3 |
---------------+----------+-----
Dodging        | 3 |  3.7
Stealth        | 8 |  8.5
Short Blades   | 3 |  3.1
Fighting       | |  2.4

Action                   |  1- 3 |  4- 6 || total
-------------------------+-------+-------++-------
Melee: Short sword       |     3 |       ||     3
       Rapier            |    11 |    39 ||    50
 Stab: Sleeping          |     3 |     3 ||     6
Armor: Robe              |     1 |       ||     1
Dodge: Dodged            |     8 |    29 ||    37
